Map: [ESL] Dragon Scales

Players

Harstem

  • Race: Protoss Protoss
  • Spawn Location: 5:00

Lambo - Winner!

  • Race: Zerg Zerg
  • Spawn Location: 11:00

Event: ESL SC2 Masters 2023 Summer (Regionals)

VOD

Have the link to the VOD?

Description

Time

  • Played on: May 17, 2023, 11:10 a.m.
  • Length: 13:26

All games in this series

Show
View Real Time Build Order
Export as new Build Order

Harstem Protoss 

Build Orders: 1 Gate Expand, Oracle Opening, Carriers 

Get SALT Encoding   

  12  0:00  Probe  
  13  0:12  Probe  
  14  0:20  Pylon  
  14  0:24  Probe  
  15  0:29  Assimilator  
  15  0:38  Probe (Chrono Boost)  
  16  0:47  Gateway, Probe (Chrono Boost)  
  17  0:52  Probe (Chrono Boost)  
  18  1:04  Probe  
  19  1:16  Probe  
  20  1:23  Nexus  
  20  1:33  Cybernetics Core  
  20  1:35  Probe  
  21  1:40  Assimilator  
  21  1:47  Probe  
  21  1:48  Pylon  
  22  1:59  Probe  
  23  2:07  Adept (Chrono Boost)  
  23  2:11  Probe  
  23  2:12  Stargate  
  26  2:21  Warp Gate  
  26  2:24  Probe  
  27  2:30  Stalker  
  27  2:36  Probe x2 (Chrono Boost)  
  31  2:47  Probe x2 (Chrono Boost)  
  33  2:51  Probe x2 (Chrono Boost)  
  33  2:57  Oracle (Chrono Boost)  
  38  3:02  Probe x2  
  38  3:04  Pylon  
  40  3:06  Adept  
  42  3:14  Probe x2  
  44  3:26  Probe x2  
  46  3:31  Oracle  
  49  3:37  Nexus  
  49  3:39  Probe  
  50  3:41  Probe  
  50  3:44  Pylon  
  51  3:54  Gateway  
  51  3:55  Probe x2  
  53  4:00  Assimilator  
  53  4:02  Assimilator  
  53  4:07  Probe  
  53  4:09  Probe (Chrono Boost)  
  55  4:12  Pylon  
  55  4:19  Probe (Chrono Boost), Fleet Beacon  
  55  4:21  Probe (Chrono Boost)  
  57  4:29  Probe (Chrono Boost)  
  57  4:30  Probe (Chrono Boost)  
  59  4:34  Probe (Chrono Boost)  
  59  4:35  Probe  
  61  4:44  Adept  
  64  4:46  Probe (Chrono Boost), Stargate  
  64  4:48  Pylon  
  64  4:49  Probe (Chrono Boost)  
  64  4:50  Probe (Chrono Boost)  
  64  4:51  Forge  
  68  5:01  Probe (Chrono Boost)  
  68  5:02  Pylon  
  68  5:03  Probe (Chrono Boost)  
  68  5:04  Probe (Chrono Boost), Shield Battery  
  70  5:10  Probe  
  70  5:13  Probe  
  77  5:15  Probe  
  78  5:21  Carrier (Chrono Boost)  
  78  5:23  Probe  
  78  5:25  Probe  
  78  5:27  Carrier (Chrono Boost)  
  81  5:31  Pylon  
  81  5:34  Robotics Facility  
  81  5:35  Probe  
  88  5:37  Probe, Assimilator  
  88  5:39  Assimilator  
  88  5:41  Probe  
  89  5:47  Probe  
  89  5:48  Twilight Council  
  89  5:49  Probe  
  91  5:53  Probe  
  91  5:55  Gateway  
  92  5:57  Gateway  
  92  5:58  Gateway  
  92  5:59  Probe  
  92  6:04  Probe  
  94  6:05  Pylon  
  94  6:08  Gateway  
  94  6:09  Protoss Ground Weapons Level 1  
  98  6:20  Void Ray  
  98  6:22  Probe  
  99  6:31  Void Ray  
  99  6:32  Nexus  
  103  6:36  Observer, Charge  
  103  6:37  Robotics Bay  
  103  6:39  Probe  
  105  6:42  Probe  
  105  6:45  Pylon  
  106  6:47  Pylon  
  106  6:48  Adept  
  106  6:49  Probe  
  106  6:52  Probe, Pylon  
  110  6:59  Probe  
  115  7:02  Probe  
  115  7:03  Void Ray  
  115  7:08  Shield Battery  
  116  7:10  Gateway  
  116  7:13  Gateway  
  120  7:16  Probe  
  120  7:20  Templar Archives  
  120  7:21  Void Ray  
  122  7:22  Probe, Disruptor (Chrono Boost)  
  122  7:25  Probe  
  126  7:30  Zealot x3  
  132  7:39  Pylon  
  132  7:42  Shield Battery  
  132  7:43  Photon Cannon  
  132  7:46  Shield Battery  
  132  7:50  Shield Battery, Disruptor (Chrono Boost)  
  132  7:52  Assimilator  
  132  7:53  Photon Cannon  
  132  7:55  Assimilator  
  132  8:01  High Templar x2  
  132  8:02  Probe  
  132  8:03  Photon Cannon  
  137  8:08  Photon Cannon, Archon  
  137  8:10  High Templar x2  
  137  8:11  Zealot x3, Pylon  
  147  8:16  Archon  
  145  8:25  Disruptor (Chrono Boost)  
  141  8:32  Zealot x4  
  144  8:41  Zealot x2  
  140  8:52  Zealot x2  
  140  8:54  Disruptor  
  146  8:57  Zealot x3  
  133  9:05  Zealot x2  
  127  9:13  Nexus  
  127  9:15  Zealot  
  133  9:20  Void Ray x2  
  133  9:23  Zealot x3  
  137  9:27  Protoss Air Weapons Level 1  
  137  9:29  Disruptor  
  132  9:38  Zealot x3  
  128  9:50  Stalker, Zealot  
  128  9:51  Zealot  
  115  10:00  Zealot x3  
  111  10:19  Probe  
  111  10:20  Probe  
  112  10:23  Pylon  
  112  10:28  Carrier (Chrono Boost)  
  112  10:29  Observer (Chrono Boost)  
  116  10:39  Carrier (Chrono Boost)  
  122  10:46  Nexus  
  122  10:59  High Templar x3  
  122  11:00  High Templar  
  130  11:04  Probe, Photon Cannon  
  130  11:05  Probe  
  130  11:07  Shield Battery  
  130  11:11  Assimilator  
  132  11:12  Archon x2  
  132  11:13  Probe  
  132  11:14  Assimilator  
  132  11:15  Photon Cannon  
  132  11:16  Pylon  
  133  11:19  Probe  
  133  11:21  Probe  
  135  11:27  Observer (Chrono Boost)  
  136  11:35  Probe  
  137  11:40  Psionic Storm  
  137  11:47  Probe  
  137  11:49  Probe x2  
  137  11:50  Observer  
  140  12:00  Probe  
  142  12:01  Probe x2  
  142  12:07  Observer  
  143  12:12  Probe  
  143  12:13  Carrier x2  
  156  12:17  High Templar  
  156  12:19  High Templar  
  156  12:26  High Templar  
  151  12:47  Zealot x3  
  126  12:54  Zealot  
  107  12:59  Zealot  
  107  13:02  Probe  
  107  13:04  Probe  
  104  13:12  Zealot x3  
  98  13:13  Probe  
  98  13:17  Gateway  
  98  13:19  Gateway x2  
Show
View Real Time Build Order
Export as new Build Order

Lambo Zerg - Winner!

Build Orders: Hatch First 

Get SALT Encoding   

  12  0:00  Drone  
  13  0:12  Overlord  
  13  0:16  Drone  
  14  0:30  Drone x2  
  14  0:34  Drone  
  17  0:51  Hatchery  
  17  0:54  Drone  
  17  0:57  Drone  
  18  1:08  Extractor  
  17  1:11  Spawning Pool  
  17  1:15  Drone  
  17  1:18  Drone  
  18  1:28  Drone  
  19  1:39  Drone  
  20  1:49  Drone  
  21  2:00  Overlord  
  21  2:03  Queen x2  
  21  2:04  Zergling x2  
  26  2:09  Metabolic Boost  
  26  2:12  Drone  
  26  2:14  Drone  
  28  2:21  Drone  
  29  2:25  Drone  
  30  2:32  Drone  
  30  2:36  Hatchery, Drone  
  31  2:44  Queen  
  31  2:46  Overlord  
  31  2:50  Drone  
  34  2:54  Zergling x2  
  35  3:00  Drone  
  35  3:04  Queen  
  39  3:05  Drone  
  39  3:13  Overlord  
  39  3:16  Drone x3  
  42  3:25  Drone x2  
  44  3:31  Overlord  
  44  3:32  Drone  
  44  3:33  Queen  
  47  3:38  Drone  
  47  3:39  Spore Crawler  
  47  3:41  Drone  
  48  3:42  Drone  
  48  3:43  Drone x2  
  51  3:49  Overlord  
  51  3:53  Drone x2  
  51  3:54  Queen  
  54  4:00  Drone x3  
  54  4:01  Spore Crawler  
  56  4:04  Zergling x2  
  56  4:05  Overlord  
  57  4:12  Overlord  
  57  4:13  Overlord  
  57  4:17  Zergling x6  
  57  4:20  Drone x2  
  57  4:22  Drone  
  63  4:28  Drone  
  63  4:30  Roach Warren  
  63  4:33  Drone x2  
  63  4:36  Evolution Chamber  
  64  4:41  Drone x4  
  64  4:43  Drone  
  66  4:47  Drone x4  
  66  4:50  Drone  
  66  4:51  Lair  
  71  4:53  Extractor  
  71  4:54  Extractor  
  71  4:56  Drone x2  
  71  4:58  Queen  
  73  5:01  Drone  
  73  5:03  Zergling x2  
  73  5:04  Drone x2  
  73  5:05  Zergling x4  
  79  5:09  Zerg Missile Weapons Level 1  
  79  5:12  Extractor  
  79  5:14  Drone  
  79  5:16  Drone  
  79  5:17  Drone x5  
  79  5:19  Zergling x2  
  85  5:22  Drone  
  85  5:28  Overlord  
  86  5:32  Overlord  
  86  5:33  Roach x2  
  86  5:34  Overlord  
  90  5:36  Extractor, Spore Crawler  
  90  5:37  Overlord  
  90  5:38  Extractor, Overlord  
  90  5:42  Overlord  
  85  5:50  Spore Crawler  
  85  5:51  Spore Crawler  
  85  5:55  Drone  
  85  5:56  Drone x5  
  91  5:57  Ravager, Roach x2  
  91  5:58  Ravager  
  91  6:00  Queen  
  91  6:03  Queen  
  101  6:06  Roach x3  
  101  6:10  Roach x2  
  101  6:11  Glial Reconstitution  
  110  6:14  Roach  
  110  6:18  Overlord  
  112  6:20  Roach x3  
  112  6:23  Queen  
  120  6:29  Roach  
  120  6:32  Drone x2  
  123  6:35  Queen  
  123  6:38  Queen  
  127  6:43  Spire  
  136  6:47  Roach x5  
  136  6:53  Overlord  
  136  6:56  Drone  
  137  7:06  Overlord  
  137  7:07  Overlord  
  137  7:08  Drone  
  137  7:11  Queen x2  
  137  7:12  Zerg Ground Armor Level 1  
  137  7:14  Nydus Network, Queen, Overlord x2  
  144  7:19  Overlord  
  144  7:20  Overlord  
  144  7:35  Roach x10  
  164  7:46  Queen  
  164  7:47  Overlord  
  164  7:50  Nydus Canal  
  166  7:53  Queen x2  
  166  7:56  Roach x3  
  176  8:11  Nydus Canal  
  176  8:15  Roach x10  
  176  8:18  Overlord  
  194  8:22  Queen  
  194  8:26  Nydus Canal  
  195  8:28  Roach x3  
  195  8:32  Ravager  
  195  8:33  Ravager  
  198  8:34  Queen  
  198  8:38  Spire  
  187  8:42  Roach x3  
  187  8:43  Roach x2  
  197  8:52  Ravager  
  197  8:55  Nydus Canal  
  194  9:01  Roach x4  
  198  9:04  Infestation Pit  
  191  9:19  Hydralisk Den  
  191  9:21  Drone x3  
  191  9:22  Hatchery  
  191  9:23  Roach x3  
  191  9:24  Nydus Canal, Roach x6  
  187  9:33  Roach x2  
  183  9:50  Roach x9  
  180  10:00  Muscular Augments, Hive  
  180  10:02  Hydralisk  
  180  10:03  Hydralisk, Lurker Den  
  181  10:07  Hydralisk  
  181  10:08  Hydralisk  
  161  10:15  Hydralisk x3  
  165  10:23  Zerg Missile Weapons Level 2  
  165  10:24  Hydralisk x2  
  167  10:31  Hydralisk x3  
  167  10:42  Drone x6  
  173  10:48  Hydralisk x2  
  173  10:49  Extractor x2  
  175  10:58  Drone x5  
  175  10:59  Spore Crawler  
  175  11:02  Drone  
  180  11:09  Overseer  
  180  11:12  Grooved Spines  
  180  11:14  Viper x3  
  180  11:16  Viper  
  193  11:18  Drone x3  
  195  11:31  Hatchery  
  194  11:35  Viper  
  194  11:36  Viper  
  200  11:42  Overseer  
  200  11:45  Spine Crawler x2  
  200  11:46  Spine Crawler  
  197  11:55  Seismic Spines, Spire  
  195  12:03  Drone x3  
  195  12:04  Drone  
  195  12:06  Evolution Chamber  
  195  12:07  Evolution Chamber x2  
  195  12:10  Drone  
  195  12:13  Spine Crawler  
  195  12:14  Hydralisk x3, Spine Crawler  
  196  12:25  Hydralisk x6  
  194  12:39  Pneumatized Carapace  
  186  12:46  Hydralisk x7  
  166  12:53  Hydralisk x3  
  162  12:58  Hydralisk x2  
Tags
 
Add a new tag
Caveats
  • Supply blocks, unpowered buildings, or Contaminate may cause inaccurate times.
  • Supply counts are checked every 10 seconds.